AoeStats
← mylove__

African Clearing

506408906Analyzed
4v4 RM · 18d ago on Sep 13, 2026· 35m 0s· 8 players
Game mode
Random Map
Map size
Large (8 player)
Population
200
Speed
Normal
Resources
Standard
Victory
Conquest
Starting age
Dark Age
Ending age
Imperial Age
RankedLock teamsTeams togetherTeam positionsShared explorationLock speedFull tech treeHidden civsTurbo modeCheats
Victory
Defeat
🇹🇷 Vietnamese · Türkiye
1444
+13
🇧🇷 Ethiopians · Brazil
1404
+14
🇩🇪 Khitans · Germany
1382
+15
🇮🇹 Mongols · Italy
1298
+19
🇨🇳 Huns · China
1459
-19
🇨🇳 Celts · China
1364
-15
🇮🇩 Jurchens · Indonesia
1361
-15
🇦🇷 Tatars · Argentina
1287
-12
KekBert_Perce1992
9:13 Loom
11:54 Feudal Age
20:41 Town Watch
23:24 Double-Bit Axe
28:27 Domestication
29:50 Wheelbarrow
35:19 Castle Age
SeiyaPegasus
5:14 Loom
13:17 Feudal Age
16:51 Castle Age
14:43 Double-Bit Axe
15:02 Horse Collar
19:25 Bow Saw
21:10 Wheelbarrow
22:01 Heavy Plow
26:34 Gold Mining
26:35 Stone Mining
30:22 Imperial Age
28:17 Hand Cart
28:00 Crossbowman
28:45 Fletching
29:34 Ballistics
29:53 Bodkin Arrow
30:29 Thumb Ring
31:11 Bracer
32:52 Chemistry
31:53 Padded Archer Armor
31:20 Arbalester
33:01 Leather Archer Armor
33:19 Conscription
34:19 Two-Man Saw
33:56 Gold Shaft Mining
34:34 Stone Shaft Mining
34:22 Royal Heirs
34:28 Scale Mail Armor
mylove__
11:06 Loom
13:36 Feudal Age
17:06 Double-Bit Axe
19:43 Castle Age
22:50 Fishing Lines
23:31 Bow Saw
23:07 Horse Collar
25:39 Heavy Plow
26:20 Wheelbarrow
28:46 Gillnets
29:13 Gold Mining
29:43 Fletching
30:14 Padded Archer Armor
30:41 Ballistics
30:28 Bodkin Arrow
33:55 Imperial Age
32:34 Leather Archer Armor
33:59 Elite Rattan Archer
35:10 Ring Archer Armor
Janez
4:44 Loom
13:25 Feudal Age
14:23 Double-Bit Axe
14:57 Town Watch
19:54 Castle Age
22:58 Wheelbarrow
30:48 Stone Mining
34:10 Stone Shaft Mining
34:02 Horse Collar
35:16 Gold Mining
hoot
7:22 Loom
13:14 Feudal Age
18:09 Castle Age
17:26 Double-Bit Axe
17:39 Horse Collar
23:08 Scale Barding Armor
24:10 Wheelbarrow
26:47 Gold Mining
29:49 Hand Cart
30:30 Bow Saw
30:22 Heavy Plow
36:00 Imperial Age
33:46 Bloodlines
33:45 Marauders
33:49 Husbandry
34:13 Forging
34:49 Chain Barding Armor
Behind You
9:47 Loom
12:42 Feudal Age
aged2
12:59 Feudal Age
11:20 Loom
13:05 Feudal Age
14:40 Double-Bit Axe
17:13 Bloodlines
20:34 Castle Age
19:33 Bloodlines
25:51 Horse Collar
27:31 Town Watch
29:07 Bow Saw
29:28 Husbandry
29:34 Scale Barding Armor
30:13 Gold Mining
31:01 Wheelbarrow
31:49 Chain Barding Armor
32:01 Forging
37:17 Imperial Age
35:03 Hand Cart
野象
8:09 Loom
14:28 Feudal Age
15:41 Horse Collar
15:55 Double-Bit Axe
18:22 Castle Age
18:29 Scale Mail Armor
18:27 Gold Mining
19:06 Pikeman
22:17 Bow Saw
24:59 Horse Collar
27:05 Heavy Plow
30:40 Gold Shaft Mining
29:55 Stone Mining
Connection lost

Rejoining the realm…

Still unreachable

The connection could not be restored.

Session expired

The server has moved on; the page needs a fresh start.